 Dungeon Crawl Stone Soup version 0.30-a0-329-g85436e0a43 (webtiles) character file.

Game seed: 14775422918876993010

37 koil the Grave Robber (level 3, -3/20 HPs)
             Began as a Deep Elf Necromancer on Oct 28, 2022.
             Slain by Robin
             ... wielding a +0 spear
              (4 damage)
             ... on level 2 of the Dungeon.
             The game lasted 00:02:58 (732 turns).

koil the Grave Robber (Deep Elf Necromancer)         Turns: 732, Time: 00:02:59

Health: -3/20      AC:  2    Str:  5    XL:     3   Next: 23%
Magic:  9/9        EV: 13    Int: 21    God:
Gold:   57         SH:  0    Dex: 15    Spells: 7/8 levels left

rFire   . . .      SeeInvis .    i - +2 whip (venom)
rCold   . . .      Faith    .    (no shield)
rNeg    . . .      Spirit   .    k - +0 robe
rPois   .          Reflect  .    (no helmet)
rElec   .          Harm     .    (no cloak)
rCorr   .          Rampage  .    (no gloves)
Will    .....                    (no boots)
Stlth   ++........               (no amulet)
HPRegen 0.23/turn                (no ring)
MPRegen 0.11/turn                (no ring)

@: no status effects
A: no striking features
a: no special abilities


You were on level 2 of the Dungeon.
You visited 1 branch of the dungeon, and saw 2 of its levels.

You collected 57 gold pieces.

Inventory:

Hand Weapons
 i - a +2 whip of venom (weapon)
 j - a +0 dagger
Armour
 a - a +0 robe
 k - a +0 robe (worn)
Jewellery
 h - a ring of protection from cold
Scrolls
 d - a scroll of amnesia {unknown}
 g - a scroll of teleportation {unknown}
Potions
 b - a potion of magic
 c - a potion of brilliance {unknown}
 e - a potion of flight {unknown}
 f - a potion of curing {unknown}
 l - a potion of heal wounds {unknown}


   Skills:
 + Level 0.8 Fighting
 + Level 0.3 Short Blades
 + Level 2.9 Dodging
 + Level 3.0 Stealth
 + Level 3.4 Spellcasting
 + Level 5.1 Necromancy


You had 7 spell levels left.
You knew the following spells:

 Your Spells              Type           Power      Damage    Failure   Level
a - Necrotise             Necr           100%       1d9       1%          1

Your spell library contained the following spells:

 Spells                   Type           Power      Damage    Failure   Level
 Vampiric Draining        Necr           25%        2d7       4%          3
 Animate Dead             Necr           25%        N/A       16%         4
 Agony                    Necr           25%        N/A       38%         5


Dungeon Overview and Level Annotations

Branches:
Dungeon (2/15)

Altars:

Annotations:
D:2 Robin


Message History

You hit the hobgoblin.
The hobgoblin is poisoned.
The hobgoblin is heavily wounded.
The hobgoblin hits you. The hobgoblin completely misses you.
You closely miss the hobgoblin.
The hobgoblin is heavily wounded.
You kill the hobgoblin!
You closely miss the goblin. The goblin barely misses you.
Robin roars a battlecry!
You hear a shout!
You hit the goblin.
The goblin is poisoned.
The goblin is severely wounded.
You hear a shout!
The goblin hits you with a +0 dagger.
You hit the goblin.
You kill the goblin!
Robin roars a battlecry!
You hit the hobgoblin but do no damage.
The hobgoblin is poisoned.
The hobgoblin hits you.
* * * LOW HITPOINT WARNING * * *
You hit the hobgoblin but do no damage.
The hobgoblin looks as sick as possible!
The hobgoblin is heavily wounded.
You kill the hobgoblin!
You hit the goblin.
The goblin is poisoned.
The goblin is severely wounded.
You kill the goblin!
Robin throws the goblin at you!
* * * LOW HITPOINT WARNING * * *
You closely miss the hobgoblin. The goblin closely misses you.
A goblin comes into view. It is wielding a +0 club.
The hobgoblin barely misses you.
Unknown command.
You hit the goblin.
The goblin is poisoned.
The goblin is severely wounded.
The goblin closely misses you. The hobgoblin barely misses you.
A hobgoblin comes into view.
You closely miss the goblin.
The goblin is severely wounded.
Robin hits you from afar with a +0 spear.
You die...

#.# #.# #.#
###########.##### ###
##.<..†..........#.!..
#......#####.gg)...g.#
#..###.# #gg.....#
###..###.# #g###.###
.........# #@# #
###..###.#####g# #..#
#.......# #..#
#.##.#### #..# #.##.#
#..# #.##.# ..##.#
#.##.. #.###.


You could see Robin, 2 hobgoblins and 3 goblins.

Vanquished Creatures
  A dart slug (D:1)
  A ball python (D:1)
  2 endoplasms
  2 giant cockroaches (D:1)
  5 goblins
  3 hobgoblins
  6 jackals (D:1)
  3 bats (D:1)
  3 frilled lizards
  A kobold (D:1)
  3 rats
30 creatures vanquished.

Vanquished Creatures (collateral kills)
  A jackal (D:1)
1 creature vanquished.

Grand Total: 31 creatures vanquished

Notes
Turn   | Place    | Note
-------+----------+-------------------------------------------
     0 | D:1      | koil the Deep Elf Necromancer began the quest for the Orb.
     0 | D:1      | Reached XP level 1. HP: 10/10 MP: 6/6
   214 | D:1      | Reached XP level 2. HP: 15/15 MP: 0/8
   247 | D:1      | Reached skill level 5 in Necromancy
   675 | D:2      | Reached XP level 3. HP: 15/20 MP: 9/9
   714 | D:2      | Noticed Robin
   729 | D:2      | HP: 1/20 [Robin/goblin (2)]
   732 | D:2      | Slain by Robin

Illustrated notes

Levels and vault maps discovered:
D:1:      lightli_arrival_quake, layout_basic, reono_crystal_passage
D:2:      layout_loops_ring, dreamdust_ecumenical_altar_statues, chequers_jeans,
          minmay_tromino_mix6, uniq_sigmund, uniq_robin, uniq_terence

Skill      XL: |  1  2  3 |
---------------+----------+-----
Necromancy     | 5 |  5.1
Stealth        | 3 |  3.0
Fighting       | |  0.8
Short Blades   | |  0.3
Dodging        | |  2.9
Spellcasting   | |  3.4

Action                   || total
-------------------------++-------
Melee: Whip              ||    39
       Unarmed           ||     8
 Cast: Necrotise         ||    25
 Stab: Sleeping          ||     5
       Distracted        ||     1
Armor: Robe              ||     9
Dodge: Dodged            ||    36

Table legend: (Time is in decaauts)
 A = Elapsed time spent in this place.
 B = Non-inter-level travel time spent in this place.
 C = Inter-level travel time spent in this place.
 D = Time resting spent in this place.
 E = Time spent auto-exploring this place.
 F = Levels seen in this place.
 G = Mean time per level.
                   A        B        C        D        E       F      G
               +--------+--------+--------+--------+--------+-----+--------+
         Total |    735 |    731 |      4 |      0 |    552 |   2 |  367.5 |
       Dungeon |    735 |    731 |      4 |      0 |    552 |   2 |  367.5 |
               +--------+--------+--------+--------+--------+-----+--------+

Top non-repeatable levels by time:
     D:1: 673 daAuts
     D:2: 61 daAuts
